 Dungeon Crawl Stone Soup version 0.19-a0-1896-g611e798 (webtiles) character file.

228 Naow the Shield-Bearer (level 6, -7/48 HPs)
             Began as a Formicid Fighter on Oct 19, 2016.
             Mangled by an ogre
             ... wielding a +0 giant club
              (12 damage)
             ... on level 4 of the Dungeon.
             The game lasted 00:03:41 (2696 turns).

Naow the Shield-Bearer (Formicid Fighter)           Turns: 2696, Time: 00:03:42

Health: -7/48      AC: 11    Str: 22    XL:     6   Next: 23%
Magic:  6/6        EV:  5    Int:  8    God:
Gold:   110        SH: 10    Dex: 10    Spells: 0 memorised, 5 levels left

rFire  . . .     SeeInvis +     a - +0 war axe
rCold  . . .     Gourm    .     w - +0 plate armour
rNeg   . . .     Faith    .     c - +0 shield
rPois  .         Spirit   .     (helmet unavailable)
rElec  .         Reflect  .     B - +0 cloak
rCorr  .         Harm     .     (no gloves)
MR     .....                    (no boots)
Stlth  ..........               (no amulet)
                                s - ring of flight
                                h - -2 ring of protection (curse)

@: no status effects
A: permanent stasis, dig shafts and tunnels, four strong arms, antennae 3
a: Dig, Shaft Self, Evoke Flight


You were on level 4 of the Dungeon.
You were very hungry.

You visited 1 branch of the dungeon, and saw 4 of its levels.

You collected 110 gold pieces.

Inventory:

Hand Weapons
 a - a +0 war axe (weapon)
Armour
 b - a +0 scale mail
 c - a +0 shield (worn)
 w - a +0 plate armour (worn)
 B - a +0 cloak (worn)
Jewellery
 h - a cursed -2 ring of protection (left hand)
 s - a ring of flight (right hand)
Wands
 u - a wand of random effects (17/48)
 y - a wand of digging (12/24)
Scrolls
 g - a scroll of random uselessness {unknown}
 j - 2 scrolls of remove curse {unknown}
 k - 3 scrolls of teleportation {unknown}
 o - 4 scrolls of identify {unknown}
 p - a scroll of recharging {unknown}
 r - a scroll of amnesia {unknown}
 t - a scroll of magic mapping {unknown}
Potions
 d - 2 potions of might
 e - a potion of cure mutation {unknown}
 n - a potion of haste {unknown}
 q - a potion of heal wounds {unknown}
 v - 2 potions of curing {unknown}
 z - a potion of brilliance {unknown}
Comestibles
 f - 4 bread rations
 i - a royal jelly
 l - 2 beef jerkies
 m - 4 fruits
 x - a slice of pizza
 A - a meat ration


   Skills:
 + Level 4.2 Fighting
 * Level 3.7 Axes
 + Level 4.4 Armour
 + Level 5.0 Shields


You had 5 spell levels left.
You didn't know any spells.

Dungeon Overview and Level Annotations

Branches:
Dungeon (4/15)
 Temple: D:4-7

Altars:
Dithmenos
Vehumet


Innate Abilities, Weirdness & Mutations

You are under a permanent stasis effect.
You can dig through walls and to a lower floor.
Your four strong arms can wield two-handed weapons with a shield.
You have a pair of large antennae on your head. (SInv)


Message History

There is a stone staircase leading up here.
The ogre shouts!
The ogre is too close now for your liking.
The ogre hits you with a giant club!
You hit the ogre.
The ogre is lightly wounded.
The ogre hits you but does no damage.
You hit the ogre.
The ogre is moderately wounded.
The ogre barely misses you.
You slash the ogre!
The ogre is heavily wounded.
The ogre hits you with a giant club!
Your plate armour prevents you from hitting the ogre.
The ogre is heavily wounded.
The ogre hits you with a giant club!
* * * LOW HITPOINT WARNING * * *
There is an escape hatch in the ceiling here.
The ogre hits you with a giant club!
You die...

#.# #....## #.#
##.#..######
#.####.##......#
#..##..#######.#
#.........###..#
#..........##.##
#........#'##.#
#....O...+_'..#
#....@...#+#..#
#.............#
####.#####..###
#.# #.## #.# #.#
#.# #.# #.# #.#
#.# ###.# #.#
#...#


You could see an ogre.

Vanquished Creatures
  An ogre (D:4)
  Crazy Yiuf (D:3)
  A howler monkey skeleton (D:4)
  4 adders
  A worm (D:2)
  2 dart slugs (D:1)
  5 leopard geckos
  An orc (D:3)
  2 ball pythons (D:2)
  3 giant cockroaches
  5 goblins
  10 hobgoblins
  5 kobolds
  10 bats
  4 frilled lizards
  6 rats
  2 plants (D:1)
63 creatures vanquished.

Notes
Turn   | Place    | Note
-------+----------+-------------------------------------------
     0 | D:1      | Naow the Formicid Fighter began the quest for the Orb.
     0 | D:1      | Reached XP level 1. HP: 18/18 MP: 1/1
    75 | D:1      | Reached XP level 2. HP: 24/24 MP: 2/2
   264 | D:1      | Reached skill level 4 in Shields
   285 | D:1      | Reached XP level 3. HP: 29/29 MP: 3/3
   918 | D:2      | Reached XP level 4. HP: 33/35 MP: 4/4
  1493 | D:3      | Found a radiant altar of Vehumet.
  1899 | D:3      | Found a runed door.
  1903 | D:3      | Noticed Crazy Yiuf
  1907 | D:3      | Killed Crazy Yiuf
  1907 | D:3      | Reached XP level 5. HP: 22/42 MP: 5/5
  1941 | D:4      | Noticed an ogre
  2251 | D:4      | Noticed an ogre
  2258 | D:4      | Killed an ogre
  2258 | D:4      | Reached XP level 6. HP: 26/48 MP: 6/6
  2278 | D:4      | Reached skill level 5 in Shields
  2288 | D:4      | Found a shadowy altar of Dithmenos.
  2696 | D:4      | Mangled by an ogre

Vault maps used:
D:1:      dpeg_arrival_another_circle, serial_bayou_lagoon_a,
          minmay_splitting_lines, minmay_nonomino_d4
D:3:      vehumet_crystals, first_bread, uniq_crazy_yiuf_cottage
D:4:      kennysheep_mini, interstate_on_off, nicolae_gozag_zags_fifth_avenue

Skill      XL: |  1  2  3  4  5  6 |
---------------+-------------------+-----
Shields        | 4 5 |  5.0
Armour         | 4 |  4.4
Fighting       | 4 |  4.2
Axes           | 3 |  3.7

Action                   |  1- 3 |  4- 6 || total
-------------------------+-------+-------++-------
Melee: War axe           |   114 |   145 ||   259
  Eat: Chunk             |       |     5 ||     5
Armor: Scale mail        |    41 |    55 ||    96
       Plate armour      |       |    28 ||    28
Dodge: Dodged            |    24 |    52 ||    76
Block: Shield            |    40 |    81 ||   121
